 Dungeon Crawl Stone Soup version 0.31-a0-848-gaac375c287 (webtiles) character file.

Game seed: 5298909095494690016

75608 Turgor the Metamorph (level 15, -17/142 (160) HPs)
             Began as a Grey Draconian Shapeshifter on Oct 3, 2023.
             Was the Champion of Ru.
             Demolished by a hell knight
             ... wielding a +3 halberd of draining
              (22 damage)
             ... on level 13 of the Dungeon on Oct 4, 2023.
             The game lasted 01:46:39 (21026 turns).

Turgor the Metamorph (Grey Draconian Shapeshifter) Turns: 21026, Time: 01:46:39

HP:   -17/142 (160) AC: 13    Str: 26    XL:     15   Next: 10%
MP:   16/16         EV:  9    Int: 18    God:    Ru [******]
Gold: 1244          SH:  0    Dex: 11    Spells: 5/16 levels left

rFire   . .          .
                       - Unarmed
rCold   . . .        (shield currently unavailable)
rNeg    . . .        (body armour unavailable)
rPois   +            (helmet currently unavailable)
rElec   +            I - melded +0 cloak
rCorr   .            u - melded +3 Mad Mage's Maulers {Infuse+∞ VampMP -Cast}
SInv    .            l - melded +0 pair of boots
Will    ++...        O - amulet of Entrepreneurial Spirit {Regen+ Str+5} Stlth
                     R - ring "Ewapev" {Wiz rElec}
HPRegen 1.23/turn    S - ring of poison resistance
MPRegen 0.15/turn

%: wizardry (x1)
@: about to teleport, snake-form, silenced, enlightened, flying, heavily drained
A: constrict, boosted hp, AC +14, amphibious, large, unfitting armour,
(cold-blooded), inability to use devices, hated by all, inability to train
dodging, unskilled 1
a: Begin Untransformation, Renounce Religion


You were on level 13 of the Dungeon.
You worshipped Ru.
Ru was exalted by your worship.
You were an enormous anaconda.
You visited 4 branches of the dungeon, and saw 21 of its levels.
You also visited: Sewer and Ice Cave.

You collected 2646 gold pieces.
You spent 1402 gold pieces at shops.

Inventory:

Missiles
 H - 4 silver javelins
 L - 3 curare-tipped darts
Armour
 k - a +2 pair of gloves
 l - a +0 pair of boots (melded)
 u - the +3 Mad Mage's Maulers (melded) {Infuse+∞ VampMP -Cast}
   (You acquired it on level 2 of the Lair of Beasts)

   Infuse+∞: It empowers its wearer's blows with all of their magic.
   VampMP:    Blows struck in melee replenish the wearer's magic.
   -Cast:     It prevents spellcasting.
 I - a +0 cloak (melded)
 N - a +0 helmet
 Q - a +0 buckler
Magical Staves
 P - a staff of conjuration
Jewellery
 d - a ring of magical power
 F - a ring of resist corrosion
 M - a ring of protection from cold
 O - the amulet of Entrepreneurial Spirit (around neck) {Regen+ Str+5}
   (You found it on level 5 of the Lair of Beasts)

   [amulet of regeneration]

   Str+5:     It affects your strength (+5).
   Regen+:    It increases your rate of health regeneration.
 R - the ring "Ewapev" (left hand) {Wiz rElec}
   (You bought it in a shop on level 2 of the Orcish Mines)

   [ring of wizardry]

   Wiz:       It improves your spell success rate.
   rElec:     It insulates you from electricity.
 S - a ring of poison resistance (right hand)
Talismans
 b - a beast talisman
 c - a flux talisman
 t - a serpent talisman (active)
Scrolls
 e - 3 scrolls of enchant armour
 g - 2 scrolls of vulnerability
 h - 2 scrolls of blinking
 i - 3 scrolls of immolation
 o - a scroll of torment
 p - a scroll of enchant weapon
 w - a scroll of fear
 x - 5 scrolls of teleportation
 y - 4 scrolls of fog
 B - 2 scrolls of brand weapon
 C - a scroll of noise
 E - 5 scrolls of identify
 G - a scroll of silence
 J - 2 scrolls of revelation
 K - 2 scrolls of amnesia
 T - a scroll of butterflies {unknown}
Potions
 f - 2 potions of might
 j - 2 potions of attraction
 m - 2 potions of invisibility
 n - 3 potions of mutation
 q - 14 potions of ambrosia
 r - 5 potions of enlightenment
 s - 8 potions of curing
 v - 3 potions of lignification
 z - a potion of magic
 A - 4 potions of brilliance
 D - 2 potions of resistance


   Skills:
 - Level 12.8 Fighting
 - Level 12.7 Unarmed Combat
 + Level 1.0 Spellcasting
 * Level 1.9 Conjurations
 + Level 1.2 Necromancy
 * Level 1.5 Air Magic
 + Level 1.4 Earth Magic
 * Level 2.0 Poison Magic
 + Level 16.5 Shapeshifting


You had 5 spell levels left.
You knew the following spells:

 Your Spells              Type           Power      Damage    Failure   Level
a - Passwall              Tmut/Erth      2%         N/A       9%          2
b - Apportation           Tloc           0%         N/A       9%          1
c - Mephitic Cloud        Conj/Pois/Air  7%         N/A       12%         3
d - Borgnjor's Vile Clut  Necr/Erth      2%         N/A       75%         5

Your spell library contained the following spells:

 Spells                   Type           Power      Damage    Failure   Level
 Magic Dart               Conj           32%        1d4       3%          1
 Necrotise                Necr           20%        1d5       4%          1
 Ensorcelled Hibernation  Hex/Ice        0%         N/A       12%         2
 Swiftness                Air            6%         N/A       13%         3
 Ozocubu's Armour         Ice            0%         N/A       24%         3
 Anguish                  Hex/Necr       1%         N/A       50%         4
 Cause Fear               Hex            0%         N/A       58%         4
 Enfeeble                 Hex            0%         N/A       100%        7
 Ozocubu's Refrigeration  Ice            0%         4d7       100%        7
 Summon Small Mammal      Summ           Unusable   N/A       N/A         1
 Call Imp                 Summ           Unusable   N/A       N/A         2
 Animate Dead             Necr           Unusable   N/A       N/A         4
 Death Channel            Necr           Unusable   N/A       N/A         6

Dungeon Overview and Level Annotations

Branches:
Dungeon (13/15)            Temple (0/1) D:7            Lair (5/5) D:8
 Shoals (0/4) Lair:2       Spider (1/4) Lair:2        Slime (0/5) Lair:5
    Orc (2/2) D:12            Elf (0/3) Orc:2         Sewer (visited)
  IceCv (visited)
 Vaults: D:13-14

Altars:
Cheibriados
Dithmenos
Gozag
Kikubaaqudgha
Nemelex Xobeh
Okawaru
Ru
Wu Jian
Xom
Zin
The Shining One

Shops:
D:6 =[?(   Orc:2 *??=*

Annotations:
Lair:2 1 runed translucent door, exclusion: 3 oklob plants, orangepiccolo's ghost, journeyman HOBe


Innate Abilities, Weirdness & Mutations

You are an enormous anaconda.
You have a powerful constriction melee attack.
Your maximum health is increased.
Your armour is entirely melded.
You are incapable of wielding weapons or throwing items.
((Your dull iron-grey scales are very hard. (AC +14)))
You are amphibious.
You cannot fit into any form of body armour.
((You are cold-blooded and may be slowed by cold attacks.))
You cannot study or use magical devices.
You are hated by all.
You cannot train Dodging skill.
You are somewhat unskilled. (-1 Apt)


Message History

You hit the hell knight but do no damage.
The hell knight is heavily wounded.
You constrict the hell knight.
The hell knight hits you from afar with a +3 halberd of draining!
You feel drained.
Unknown command.
Welcome back, Turgor the Grey Draconian Shapeshifter.
Ru says: Cut away your false body!
Press ? for a list of commands and other information.
Okay, then.
Unknown command.
Cast which spell? (? or * to list)
Aiming: Borgnjor's Vile Clutch (dangerous; 75% risk of failure)
Press: ? - help, Shift-Dir - straight line, f - hell knight
Aim: a hell knight, wielding a +3 halberd of draining and wearing a +0 chain mail (100% to hit)
Okay, then.
Okay, then.
As you read the scroll of teleportation, it crumbles to dust.
You feel strangely unstable.
You constrict the hell knight.
The hell knight hits you from afar with a +3 halberd of draining!!
* * * LOW HITPOINT WARNING * * *
You feel drained.
* * * LOW HITPOINT WARNING * * *
The hell knight hits you with a +2 long sword!
* * * LOW HITPOINT WARNING * * *
You feel much better.
You constrict the hell knight.
The hell knight is no longer blind.
The hell knight hits you with a +2 long sword!
* * * LOW HITPOINT WARNING * * *
The hell knight mumbles some strange prayers to its god.
The hell knight seems to speed up.
As you read the scroll of silence, it crumbles to dust.
A profound silence engulfs you.
You constrict the hell knight!
The hell knight hits you from afar with a +3 halberd of draining!!
* * * LOW HITPOINT WARNING * * *
You feel drained.
* * * LOW HITPOINT WARNING * * *
The hell knight closely misses you.
The hell knight hits you from afar with a +3 halberd of draining!!
You die...

#........§........#.#≈≈
#..####≈§§§≈####..#.#≈≈
#..#.....§§†...#....#≈≈
#..#.#########.#.##.##≈
#..#.#.. #.#.##..†≈
#..#§#.# #.#.##..##
#..#§§§# #.#..#....
#..#.≈§# #<#.......
#..#.≈S# #.#.##..#.
#..#.#p# #.#.##<.#.
#..#.#pp. #.#.##..#.
#..#.#########)#.....#.
#..#...........#.######
##..#############....#
#....................#
#..##.#..............#
#.. #.#..............+


You could see 2 hell knights and a necromancer.

Vanquished Creatures
  An orc warlord (Orc:2)
  Snorg (Lair:3)
  An ice dragon (Lair:1)
  2 hydras (Lair:5)
  A jorogumo (Spider:1)
  A boulder beetle (D:7)
  4 two-headed ogres
  A death yak (Lair:4)
  A hell knight (D:13)
  An orc high priest (Orc:2)
  2 skeletal warriors (D:10)
  A skyshark (shapeshifter) (D:13)
  9 orc knights (Orc:2)
  2 ugly things
  5 lindwurms
  2 manticores
  5 orc sorcerers (Orc:2)
  A wolf spider (Lair:5)
  3 cyclopes
  A guardian serpent (Lair:5)
  An elephant (shapeshifter) (D:12)
  11 elephants
  11 black mambas
  2 ice statues (IceCv)
  A torpor snail (Lair:4)
  A gargoyle (D:12)
  Maggie (D:7)
  2 unseen horrors
  11 cane toads
  5 rime drakes
  A freezing wraith (IceCv)
  A tengu conjurer (D:10)
  12 komodo dragons
  2 queen bees
  6 trolls
  Prince Ribbit (D:5)
  5 hornets
  10 blink frogs
  8 saltlings (Orc:2)
  2 jumping spiders (Spider:1)
  18 wyverns
  9 slime creatures
  A vampire (D:12)
  48 yaks
  2 wraiths
  8 basilisks
  7 redbacks
  3 steam dragons
  6 vampire mosquitoes
  Menkaure (D:7)
  5 wargs (Orc:2)
  3 acid dragons
  7 hell hounds (D:13)
  26 water moccasins
  5 black bears
  2 sky beasts (D:7)
  Pargi (Sewer)
  3 ice beasts
  16 orc warriors
  2 wolves (Lair:2)
  7 centaurs
  6 ogres
  A phantom (D:5)
  4 kobold brigands
  11 bullfrogs
  A gnoll sergeant (D:7)
  2 cane toad simulacra (IceCv)
  5 scorpions
  14 wights
  An elephant simulacrum (IceCv)
  60 killer bees
  2 electric eels
  2 howler monkeys
  A vampire bat (D:3)
  A gnoll bouda (D:5)
  17 orc priests
  3 hounds
  3 iguanas
  3 jellies
  Ijyb (D:3)
  A hell rat (Lair:2)
  Terence (D:2)
  A sleepcap (D:4)
  10 orc wizards
  Robin (D:4)
  11 adders
  2 gnolls (D:5)
  A river rat (D:4)
  2 shadow imps
  2 white imps
  2 ufetubi (D:5)
  2 worms
  2 dart slugs
  3 fire bats (D:3)
  61 orcs
  2 spectral bats (D:3)
  15 bats
  3 bat skeletons (D:3)
  A bat zombie (D:3)
  5 endoplasms
  3 giant cockroaches (D:3)
  11 goblins
  5 hobgoblins
  4 jackals (D:5)
  4 quokkas
  8 ball pythons
  A bat simulacrum (D:3)
  3 frilled lizards (Sewer)
  20 kobolds
  7 rats
651 creatures vanquished.

Vanquished Creatures (collateral kills)
  A gnoll (D:5)
1 creature vanquished.

Vanquished Creatures (others)
  A hydra (Lair:4)
  A hell knight (D:13)
  A troll (Orc:1)
  A polar bear (Lair:4)
  2 saltlings (Orc:2)
  A yak (Lair:1)
  A warg (Orc:2)
  An orc wizard (D:8)
  A gnoll (D:5)
  3 orcs
13 creatures vanquished.

Grand Total: 665 creatures vanquished

Notes
Turn   | Place    | Note
-------+----------+-------------------------------------------
     0 | D:1      | Turgor the Draconian Shapeshifter began the quest for the
                  | Orb.
     0 | D:1      | Reached XP level 1. HP: 16/16 MP: 1/1
   890 | D:2      | Noticed Terence
   928 | D:2      | Reached XP level 2. HP: 22/23 MP: 2/2
   993 | D:2      | Killed Terence
   994 | D:2      | Reached XP level 3. HP: 19/29 MP: 3/3
  1538 | D:3      | Reached XP level 4. HP: 36/36 MP: 4/4
  1541 | D:3      | Noticed Ijyb
  1562 | D:3      | Killed Ijyb
  1563 | D:3      | Reached skill level 4 in Shapeshifting
  1809 | D:3      | Found a sacrificial altar of Ru.
  1809 | D:3      | Found a shadowy altar of Dithmenos.
  1812 | D:3      | Found an opulent altar of Gozag.
  1813 | D:3      | Became a worshipper of Ru the Awakened
  1815 | D:3      | Found a glowing golden altar of the Shining One.
  1818 | D:3      | Found an ornate altar of the Wu Jian Council.
  1819 | D:3      | Found an ancient bone altar of Kikubaaqudgha.
  1824 | D:3      | Found a snail-covered altar of Cheibriados.
  1831 | D:3      | Found a sparkling altar of Nemelex Xobeh.
  2012 | D:3      | Reached XP level 5. HP: 42/42 MP: 5/5
  2222 | D:3      | Found a glowing silver altar of Zin.
  2414 | D:4      | Reached skill level 5 in Shapeshifting
  2414 | D:4      | Reached XP level 6. HP: 19/51 MP: 6/6
  2606 | D:4      | Found a glowing drain.
  2694 | Sewer    | Entered a sewer
  2738 | Sewer    | Noticed Pargi
  2741 | Sewer    | Killed Pargi
  3080 | D:4      | Gained mutation: You are somewhat unskilled. (-1 Apt) [Ru
                  | sacrifice]
  3080 | D:4      | Reduced skill Dodging to level 1
  3080 | D:4      | Reached * piety under Ru
  3106 | D:4      | Noticed Robin
  3134 | D:4      | Your scales start taking on a dull iron-grey colour.
  3134 | D:4      | Reached XP level 7. HP: 54/58 MP: 7/7
  3137 | D:4      | Learned a level 2 spell: Passwall
  3139 | D:4      | Learned a level 1 spell: Apportation
  3143 | D:4      | Learned a level 3 spell: Mephitic Cloud
  3190 | D:4      | Killed Robin
  3527 | D:5      | Entered Level 5 of the Dungeon
  3932 | D:5      | Reached skill level 6 in Shapeshifting
  4014 | D:5      | Reached skill level 5 in Unarmed Combat
  4014 | D:5      | Reached XP level 8. HP: 61/67 MP: 8/8
  4055 | D:5      | Noticed Dowan
  4057 | D:5      | Noticed Duvessa
  4058 | D:5      | Duvessa changed into Duvessa the bullfrog
  4058 | D:5      | Noticed Duvessa
  4066 | D:5      | Killed Duvessa the bullfrog
  4068 | D:5      | Dowan changed into Dowan the killer bee
  4068 | D:5      | Noticed Dowan
  4073 | D:5      | Killed Dowan the killer bee
  4286 | D:5      | Noticed Prince Ribbit
  4314 | D:5      | Killed Prince Ribbit
  4315 | D:5      | Reached skill level 5 in Fighting
  4512 | D:5      | Reached skill level 7 in Shapeshifting
  4730 | D:5      | Reached XP level 9. HP: 74/75 MP: 9/9
  5151 | D:6      | Found Zayfism's Antique Weapon Shop.
  5187 | D:6      | Found a shimmering altar of Xom.
  5252 | D:6      | Found Fusues Nosk's Magic Scroll Boutique.
  5260 | D:6      | Bought a scroll of fog for 44 gold pieces
  5260 | D:6      | Bought a scroll of identify for 22 gold pieces
  5260 | D:6      | Bought a scroll of revelation for 82 gold pieces
  5260 | D:6      | Bought a scroll of identify for 22 gold pieces
  5260 | D:6      | Bought a scroll of identify for 22 gold pieces
  5260 | D:6      | Bought a scroll of amnesia for 44 gold pieces
  5303 | D:6      | Found Xodaoss's Jewellery Boutique.
  5390 | D:6      | Gained mutation: You cannot study or use magical devices.
                  | [Ru sacrifice]
  5390 | D:6      | Reached ** piety under Ru
  5390 | D:6      | Reached *** piety under Ru
  5511 | D:6      | Found Mamaibui's Antique Armour Shop.
  5977 | D:7      | Noticed Maggie
  5992 | D:7      | Killed Maggie
  5993 | D:7      | Reached skill level 8 in Shapeshifting
  6079 | D:7      | Found a staircase to the Ecumenical Temple.
  6245 | D:7      | Noticed Menkaure
  6256 | D:7      | Killed Menkaure
  6598 | D:7      | Noticed a cyclops
  6614 | D:7      | Killed a cyclops
  6616 | D:7      | Noticed a two-headed ogre
  6622 | D:7      | Reached skill level 9 in Shapeshifting
  6625 | D:7      | Reached XP level 10. HP: 78/86 MP: 10/10
  6626 | D:7      | Noticed a boulder beetle
  6640 | D:7      | Killed a two-headed ogre
  6687 | D:7      | Killed a boulder beetle
  7210 | D:8      | Noticed an elephant
  7227 | D:8      | Killed an elephant
  7228 | D:8      | Reached skill level 10 in Shapeshifting
  7283 | D:8      | Found a staircase to the Lair.
  7801 | D:9      | Reached XP level 11. HP: 95/95 MP: 11/11
  7830 | D:9      | Found a blossoming altar of Fedhas.
  7851 | D:9      | Gained mutation: You cannot train Dodging skill. [Ru
                  | sacrifice]
  7851 | D:9      | Reached **** piety under Ru
  7851 | D:9      | Reached ***** piety under Ru
  8097 | D:9      | Reached skill level 11 in Shapeshifting
  8500 | D:10     | Entered Level 10 of the Dungeon
  8768 | D:10     | Noticed a skeletal warrior
  8770 | D:10     | Noticed a skeletal warrior
  8773 | D:10     | Noticed a skeletal warrior
  9473 | D:10     | Killed a skeletal warrior
  9668 | D:10     | Killed a skeletal warrior
  9996 | D:11     | Reached skill level 12 in Shapeshifting
 10156 | D:11     | Reached skill level 10 in Fighting
 10156 | D:11     | Reached XP level 12. HP: 106/106 MP: 12/12
 10680 | D:12     | Found a staircase to the Orcish Mines.
 11302 | Lair:1   | Entered Level 1 of the Lair of Beasts
 11466 | Lair:1   | Reached skill level 10 in Unarmed Combat
 11688 | Lair:1   | Noticed an ice dragon
 11899 | Lair:1   | Reached skill level 13 in Shapeshifting
 12350 | Lair:1   | Learned a level 5 spell: Borgnjor's Vile Clutch
 12449 | Lair:2   | Found a runed translucent door.
 12456 | Lair:2   | Noticed orangepiccolo's ghost (journeyman HOBe)
 12456 | Lair:2   | Noticed an eight-headed hydra
 12474 | Lair:2   | Found a staircase to the Shoals.
 12569 | Lair:2   | Found a hole to the Spider Nest.
 12592 | Lair:2   | Identified a scroll of acquirement
 12593 | Lair:2   | Acquired the +3 Mad Mage's Maulers {Infuse+∞ VampMP -Cast}
 12593 | Lair:2   | Found the +3 Mad Mage's Maulers {Infuse+∞ VampMP -Cast}
 12672 | Lair:2   | Reached XP level 13. HP: 73/116 MP: 13/13
 12684 | Lair:2   | Gained mutation: You are hated by all. [Ru sacrifice]
 12684 | Lair:2   | Reached ****** piety under Ru
 13941 | Lair:3   | Reached skill level 14 in Shapeshifting
 14387 | Lair:3   | Noticed Snorg
 14405 | Lair:3   | Killed Snorg
 15006 | Lair:4   | Found an iron altar of Okawaru.
 15778 | Lair:4   | Reached skill level 15 in Shapeshifting
 15855 | Lair:4   | Identified the +0 halberd "Cethueq" {freeze, Contam rPois
                  | rC+ rN++}
 15873 | Lair:5   | Entered Level 5 of the Lair of Beasts
 15962 | Lair:5   | Reached XP level 14. HP: 126/126 MP: 14/14
 16328 | Lair:5   | Found a staircase to the Slime Pits.
 16847 | Lair:5   | Identified the amulet of Entrepreneurial Spirit {Regen+
                  | Str+5}
 17301 | Lair:5   | Reached skill level 16 in Shapeshifting
 17643 | Orc:1    | Entered Level 1 of the Orcish Mines
 18114 | Orc:2    | Entered Level 2 of the Orcish Mines
 18170 | Orc:2    | Noticed an orc warlord
 18170 | Orc:2    | Found Zoewan's Assorted Antiques.
 18191 | Orc:2    | Killed an orc warlord
 18228 | Orc:2    | Found a frozen archway.
 18334 | IceCv    | Entered an ice cave
 18391 | IceCv    | Found a transporter.
 18403 | IceCv    | Found a transporter.
 19229 | Orc:2    | Found a staircase to the Elven Halls.
 19511 | Orc:2    | Found Koggylesk's Magic Scroll Shoppe.
 19633 | Orc:2    | Found Ychefoin's Jewellery Shoppe.
 19635 | Orc:2    | Found Vesung's General Store.
 19641 | Orc:2    | Bought a potion of curing for 48 gold pieces
 19641 | Orc:2    | Bought a potion of heal wounds for 80 gold pieces
 19645 | Orc:2    | Bought the ring "Ewapev" {Wiz rElec} for 616 gold pieces
 19679 | Orc:2    | Paralysed by an orc sorcerer for 4 turns
 19698 | Orc:2    | Reached skill level 1 in Conjurations
 19698 | Orc:2    | Reached skill level 1 in Poison Magic
 19775 | Orc:2    | Found Qudwunutz's Magic Scroll Shop.
 19781 | Orc:2    | Bought a scroll of teleportation for 45 gold pieces
 19781 | Orc:2    | Bought a scroll of revelation for 112 gold pieces
 19781 | Orc:2    | Bought a scroll of teleportation for 45 gold pieces
 20035 | D:6      | Bought a ring of poison resistance for 220 gold pieces
 20353 | Spider:1 | Entered Level 1 of the Spider Nest
 20417 | Spider:1 | Paralysed by a jorogumo for 1 turns
 20424 | Spider:1 | Reached skill level 1 in Air Magic
 20424 | Spider:1 | Reached skill level 1 in Earth Magic
 20424 | Spider:1 | Reached XP level 15. HP: 79/130 MP: 14/16
 20540 | Lair:2   | Upgraded the game from 0.31-a0-846-gb3bcc0d938 to
                  | 0.31-a0-848-gaac375c287
 20856 | D:13     | Reached skill level 1 in Necromancy
 20983 | D:13     | Reached skill level 1 in Spellcasting
 21026 | D:13     | HP: 5/142 [hell knight/+3 halberd of draining (7)]
 21026 | D:13     | Demolished by a hell knight

Illustrated notes

Levels and vault maps discovered:
D:1:      dpeg_arrival_three_smaller_balls, layout_basic
D:2:      layout_rooms, kennysheep_generic_room_9, uniq_terence
D:3:      layout_basic, nicolae_overflow_crystal_walls,
          nicolae_overflow_hallway_of_the_gods, skrybe_limestone_x,
          minmay_misc_feat_rugged, serial_bayou_lagoon_a,
          kennysheep_cross_bottleneck, goddamned_bats, uniq_ijyb
D:4:      layout_basic, cheibrodos_sewer_entry_sluice, uniq_robin
D:5:      minmay_angry_zag, layout_basic, nzn_random_ring, uniq_duvessa,
          uniq_prince_ribbit1
D:6:      layout_loops_ring, kennysheep_mini, serial_shops, shop, shop, shop,
          shop, eino_small_chamber_without_monster, grunt_ministairs_7
D:7:      nzn_winding_woodlands_medium [nzn_winding_woodlands_5x5_open_star,
          nzn_winding_woodlands_5x15_split_checker,
          nzn_winding_woodlands_5x5_default, nzn_winding_woodlands_5x5_cross,
          nzn_winding_woodlands_center_pierced_h,
          nzn_winding_woodlands_5x5_three, nzn_winding_woodlands_hourglass,
          nzn_winding_woodlands_5x15_garden,
          nzn_winding_woodlands_5x5_perimeter], layout_cave_pods,
          minmay_temple_entry_offerings, serial_column_ruins,
          column_ruins_circle_large, column_ruins_hut, column_ruins_open_small,
          column_ruins_open_medium, column_ruins_grid_1,
          column_ruins_open_medium, column_ruins_open_tiny,
          column_ruins_columns_straight, uniq_maggie, uniq_menkaure
D:8:      layout_rooms, david_lair_generic,
          nicolae_concentric_dashed_squares_mild
D:9:      layout_rooms, fedhas_ov_isle_minmay, special_room [special_room_bee]
D:10:     layout_grid_maze, minmay_quadrilaterals
D:11:     layout_irregular_city
D:12:     layout_basic, david_orc_2
D:13:     layout_stronghold, minivault_4, grunt_decor_fettered,
          minmay_rotating_lava
Lair:1:   dragon1_lemuel, layout_gridlike, grunt_forest_large_clearings,
          serial_bayou_shore_b, grunt_megastairs_3, serial_bayou_shore_b
Lair:2:   hangedman_what_comes_after_a, layout_cave_pods,
          minmay_shoals_entry_centaurs, spider_nest_entry_web_field,
          ebering_ghost_inner_flame, serial_bayou_shore_a
Lair:3:   layout_chaotic_city, grunt_megastairs_2, uniq_snorg
Lair:4:   hellmonk_ruined_rings, layout_misc_corridors, basic_altar,
          minmay_lindwurm_lava
Lair:5:   hangedman_lair_tendril_chambers, layout_misc_corridors, slime_entry_1,
          grunt_forest_stairs_basic, lemuel_fruit_tree
Spider:1: layout_spider_delve
Orc:1:    layout_caves
Orc:2:    hellmonk_orc_salted, layout_diamond_mine,
          portal_ice_cave_entry_pillars_2, serial_shops,
          nicolae_shop_temple_entry_statues_fountains

Skill      XL: |  1  2  3  4  5  6  7  8  9 10 11 12 13 14 15 |
---------------+----------------------------------------------+-----
Dodging        | 2 1 2 0 |  0.0
Fighting       | 2 3 3 4 5 7 8 10 11 12 | 12.8
Shapeshifting  | 4 5 6 7 9 10 12 13 15 16 | 16.5
Unarmed Combat | 4 5 7 8 9 10 11 12 | 12.7
Conjurations   | 1 |  1.9
Poison Magic   | 1 2 |  2.0
Air Magic      | 1 |  1.5
Earth Magic    | 1 |  1.4
Necromancy     | 1 |  1.2
Spellcasting   | 1 |  1.0

Action                     |  1- 3 |  4- 6 |  7- 9 | 10-12 | 13-15 || total
---------------------------+-------+-------+-------+-------+-------++-------
  Melee: Unarmed           |    82 |   158 |   358 |   785 |   954 ||  2337
         Tailslap          |    11 |    22 |    62 |    68 |     2 ||   165
         Punch             |       |     3 |     1 |       |       ||     4
         Constrict         |       |       |       |    75 |   188 ||   263
  Throw: Dart              |       |     2 |       |       |       ||     2
 Invoke: Sacrifice Skill   |       |     1 |       |       |       ||     1
         Sacrifice Artific |       |       |     1 |       |       ||     1
         Sacrifice Nimblen |       |       |       |     1 |       ||     1
         Reject Sacrifices |       |       |       |     1 |       ||     1
         Sacrifice Love    |       |       |       |       |     1 ||     1
  Evoke: Wand              |       |     7 |    11 |       |       ||    18
    Use: Potion            |     1 |     1 |     2 |       |    15 ||    19
         Scroll            |     2 |     3 |     7 |     9 |    12 ||    33
   Stab: Distracted        |       |       |     1 |     7 |     8 ||    16
         Invisible         |       |       |       |    13 |    12 ||    25
         Paralysed         |       |       |       |    23 |    23 ||    46
         Sleeping          |       |       |       |     1 |       ||     1
         Petrified         |       |       |       |       |     3 ||     3
 Armour: Skin              |    51 |   115 |   169 |   484 |   695 ||  1514
  Dodge: Dodged            |    54 |   114 |   171 |   285 |   315 ||   939
   Form: Flux              |       |       |     1 |       |     1 ||     2
         Anaconda          |       |       |       |     1 |     1 ||     2

Table legend: (Time is in decaauts)
 A = Elapsed time spent in this place.
 B = Non-inter-level travel time spent in this place.
 C = Inter-level travel time spent in this place.
 D = Time resting spent in this place.
 E = Time spent auto-exploring this place.
 F = Levels seen in this place.
 G = Mean time per level.
                   A        B        C        D        E       F      G
               +--------+--------+--------+--------+--------+-----+--------+
         Total |  20723 |  19274 |   1449 |   1480 |  12655 |  23 |  901.0 |
       Dungeon |  11778 |  10840 |    938 |    654 |   7319 |  13 |  906.0 |
          Lair |   6481 |   6090 |    391 |    599 |   4001 |   5 | 1296.2 |
   Spider Nest |     95 |     95 |      0 |      0 |     11 |   1 |   95.0 |
  Orcish Mines |   1959 |   1840 |    119 |    120 |   1170 |   2 |  979.5 |
         Sewer |    211 |    211 |      0 |      0 |    147 |   1 |  211.0 |
      Ice Cave |    196 |    196 |      0 |    106 |      7 |   1 |  196.0 |
               +--------+--------+--------+--------+--------+-----+--------+

Top non-repeatable levels by time:
  Lair:2: 1646 daAuts
     D:5: 1486 daAuts
  Lair:1: 1436 daAuts
   Orc:2: 1416 daAuts
  Lair:5: 1401 daAuts
    D:10: 1359 daAuts
     D:7: 1349 daAuts
  Lair:4: 1087 daAuts
     D:3: 1008 daAuts
     D:4: 951 daAuts
     D:1: 917 daAuts
  Lair:3: 909 daAuts
     D:6: 885 daAuts
    D:11: 831 daAuts
    D:12: 826 daAuts
